 Dungeon Crawl Stone Soup version 0.30-a0-358-g0d69a1922f (webtiles) character file.

Game seed: 3875340669473342670

55053 oldmanjim the Fighter (level 14, -8/178 HPs)
             Began as an Ogre Transmuter on Nov 3, 2022.
             Was an Elder of Nemelex Xobeh.
             Mangled by an eight-headed hydra (10 damage)
             ... on level 5 of the Lair of Beasts on Nov 9, 2022.
             The game lasted 03:12:23 (27124 turns).

oldmanjim the Fighter (Ogre Transmuter)            Turns: 27124, Time: 03:12:24

Health: -8/178     AC:  9    Str: 17    XL:     14   Next: 75%
Magic:  15/28      EV: 11    Int: 18    God:    Nemelex Xobeh [****..]
Gold:   939        SH:  0    Dex: 14    Spells: 11/33 levels left

rFire   x . .      SeeInvis +      - Unarmed
rCold   + + +      Faith    .    (shield currently unavailable)
rNeg    . . .      Spirit   .    (body armour currently unavailable)
rPois   +          Reflect  .    (helmet currently unavailable)
rElec   .          Harm     .    (cloak currently unavailable)
rCorr   +          Rampage  .    (gloves unavailable)
Will    +....                    (boots unavailable)
Stlth   +.........               l - amulet of Bicoyj {Acrobat Dex+5}
HPRegen 0.49/turn                R - ring of resist corrosion
MPRegen 0.21/turn                T - ring of see invisible

@: about to teleport, ice-form, elixired, freezing walls, studying Conjurations
A: freezing attack, amphibious, boosted hp, large, unfitting armour, (tough skin
1)
a: End Transformation, Renounce Religion, Draw Escape, Draw Destruction, Draw
Summoning, Triple Draw, Deal Four


You were on level 5 of the Lair of Beasts.
You worshipped Nemelex Xobeh.
Nemelex Xobeh was greatly pleased with you.
You were a creature of crystalline ice.
You visited 3 branches of the dungeon, and saw 16 of its levels.
You also visited: Ossuary.

You collected 1997 gold pieces.
You spent 1058 gold pieces at shops.

Inventory:

Hand Weapons
 b - the +5 longbow "Wusev" (melded) {freeze, +Blink MP+9 Dex+3 Stlth-}
   (You found it on level 6 of the Dungeon)

   Any ammunition fired from it freezes those it strikes, dealing additional
   cold damage.
   It can also slow down cold-blooded creatures.
   Dex:       It affects your dexterity (+3).
   MP:        It affects your magic capacity (+9).
   +Blink:    It lets you blink.
   Stlth:     It makes you less stealthy.
 q - a +3 trident of venom
 y - the +3 Elemental Staff {rElec rF++ rC++ AC+5}
   (You took it off a deep elf pyromancer on level 8 of the Dungeon)

   If the wielder is skilled in Evocations, they can discharge powerful blasts
   of elemental energy when striking with it.
   It enhances your fire, ice, earth and air magic.
   AC:        It affects your AC (+5).
   rF:        It greatly protects you from fire.
   rC:        It greatly protects you from cold.
   rElec:     It insulates you from electricity.
Missiles
 w - 16 large rocks
 E - 2 silver javelins
 Q - 4 curare-tipped darts
Armour
 f - +1 ice dragon scales (melded)
 F - a +0 hat (melded)
 W - a +2 cloak (melded)
Magical Staves
 a - a staff of cold
 S - a staff of air
Jewellery
 l - the amulet of Bicoyj (around neck) {Acrobat Dex+5}
   (You acquired it on level 4 of the Dungeon)

   [amulet of the acrobat]

   It increases your evasion while moving and waiting.
   Dex:       It affects your dexterity (+5).
 o - a ring of positive energy
 u - a ring of fire
 x - a ring of protection from cold
 I - an amulet of regeneration
 P - a ring of protection from cold
 R - a ring of resist corrosion (left front paw)
 T - a ring of see invisible (right front paw)
Wands
 e - a wand of flame (7)
 i - a wand of charming (10)
 s - a wand of polymorph (21)
 v - a wand of light (14)
 H - a wand of iceblast (9)
 Z - a wand of digging (5)
Scrolls
 k - 4 scrolls of magic mapping
 m - 4 scrolls of enchant armour
 n - 3 scrolls of teleportation
 C - 3 scrolls of immolation
 G - a scroll of fog
 M - a scroll of brand weapon {unknown}
 U - 2 scrolls of blinking {unknown}
 V - 2 scrolls of enchant weapon
 Y - a scroll of vulnerability {unknown}
Potions
 c - 6 potions of lignification
 d - 14 potions of curing
 h - 5 potions of magic
 j - 2 potions of might
 t - 6 potions of cancellation
 z - 3 potions of berserk rage
 A - 8 potions of heal wounds
 B - 4 potions of haste
 J - a potion of experience {unknown}
 N - 2 potions of brilliance
 O - 2 potions of attraction
Miscellaneous
 X - a box of beasts


   Skills:
 + Level 12.1 Fighting
 - Level 5.0 Dodging
 + Level 11.5 Unarmed Combat
 + Level 10.0 Spellcasting
 - Level 10.0 Conjurations
 + Level 8.6 Transmutations
 - Level 6.5 Ice Magic
 - Level 5.0 Air Magic
 - Level 2.0 Earth Magic
 - Level 2.0 Poison Magic
 + Level 10.8 Invocations


You had 11 spell levels left.
You knew the following spells:

 Your Spells              Type           Power      Damage    Failure   Level
a - Beastly Appendage     Tmut           80%        N/A       1%          1
b - Spider Form           Tmut/Pois      28%        N/A       2%          3
c - Ice Form              Ice/Tmut       36%        N/A       3%          4
d - Ozocubu's Armour      Ice            32%        N/A       1%          3
e - Frozen Ramparts       Ice            64%        1d10      1%          3
f - Stone Arrow           Conj/Erth      60%        3d10      1%          3
g - Lightning Bolt        Conj/Air       18%        1d32      10%         5

Your spell library contained the following spells:

 Spells                   Type           Power      Damage    Failure   Level
 Kiss of Death            Conj/Necr      100%       2d13      1%          1
 Wereblood                Tmut           40%        N/A       1%          2
 Dazzling Flash           Conj/Hex       54%        N/A       3%          3
 Apportation              Tloc           18%        N/A       8%          1
 Necrotise                Necr           36%        1d5       8%          1
 Summon Small Mammal      Summ           36%        N/A       8%          1
 Airstrike                Air            13%        2d(2-18)  10%         4
 Fulminant Prism          Conj/Hex       13%        3d9       10%         4
 Iskenderun's Mystic Bla  Conj/Tloc      27%        2d7       10%         4
 Sublimation of Blood     Necr           9%         N/A       12%         2
 Kindle Blastsparks       Fire/Tloc/Air  28%        2d12      12%         3
 Summon Ice Beast         Ice/Summ       20%        N/A       21%         4
 Confusing Touch          Hex            9%         N/A       24%         3
 Summon Lightning Spire   Summ/Air       18%        N/A       28%         4
 Olgreb's Toxic Radiance  Pois           16%        N/A       34%         4
 Yara's Violent Unravell  Hex/Tmut       12%        3d7       36%         5
 Animate Armour           Summ/Erth      24%        N/A       45%         4
 Anguish                  Hex/Necr       4%         N/A       61%         4
 Dispel Undead            Necr           9%         3d8       61%         4
 Silence                  Hex/Air        9%         N/A       61%         5
 Lee's Rapid Deconstruct  Erth           8%         3d7*      67%         5
 Agony                    Necr           9%         N/A       91%         5
 Ozocubu's Refrigeration  Ice            16%        4d11      99%         7
 Enfeeble                 Hex            4%         N/A       100%        7
 Summon Hydra             Summ           4%         N/A       100%        7
 Ignition                 Fire           4%         3d4       100%        8
 Lehudib's Crystal Spear  Conj/Erth      15%        10d5      100%        8


Dungeon Overview and Level Annotations

Branches:
Dungeon (10/15)            Temple (1/1) D:4            Lair (5/5) D:10
  Swamp (0/4) Lair:2       Spider (0/4) Lair:3        Slime (0/5) Lair:4
Ossuary (visited)
    Orc: D:9-12

Altars:
Ashenzari
Cheibriados
Dithmenos
Elyvilon
Fedhas
Gozag
Hepliaklqana
Kikubaaqudgha
Nemelex Xobeh
Okawaru
Qazlal
Ru
Sif Muna
Trog
Uskayaw
Vehumet
Wu Jian
Xom
Yredelemnul
Zin
The Shining One
Jiyva

Shops:
D:5 (   D:9 *

Portals:
Abyss: D:7

Annotations:
D:7 2 transporters, bronco's ghost, novice HOMo
Lair:5 2 runed translucent doors


Innate Abilities, Weirdness & Mutations

You are a creature of crystalline ice.
You have a powerful freezing melee attack.
You are amphibious.
Your maximum health is increased.
Your armour is entirely melded.
You are incapable of wielding weapons or throwing items.
You are too large for most types of armour.
((You have tough skin. (AC +1)))


Message History

The bolt of magma hits you!!! The lava burns you terribly!
* * * LOW HITPOINT WARNING * * *
The wall freezes the eight-headed hydra.
The eight-headed hydra seems to slow down.
The eight-headed hydra bites you but does no damage.
The eight-headed hydra completely misses you.
The eight-headed hydra bites you but does no damage.
The eight-headed hydra bites you.
* * * LOW HITPOINT WARNING * * *
The eight-headed hydra closely misses you.
The eight-headed hydra bites you!
* * * LOW HITPOINT WARNING * * *
The eight-headed hydra bites you!
* * * LOW HITPOINT WARNING * * *
The eight-headed hydra bites you!
* * * LOW HITPOINT WARNING * * *
Unknown command.
You deal a card...
You have dealt the Elixir.
You begin rapidly regenerating health and magic.
You deal a card...
You have dealt Velocity.
The eight-headed hydra seems to slow down.
The molten gargoyle seems to slow down.
The lindwurm seems to slow down.
You deal a card...
You have dealt the Tomb.
Walls emerge from the floor!
You deal a card...
You have dealt the Tomb.
Nothing appears to happen.
As you read the scroll of teleportation, it crumbles to dust.
You feel strangely unstable. The lindwurm breathes flames at you.
The blast of flame hits the molten gargoyle.
The molten gargoyle completely resists.
The blast of flame hits you!! The fire burns you terribly!
* * * LOW HITPOINT WARNING * * *
The wall freezes the molten gargoyle but does no damage.
The molten gargoyle blasts magma at you!
The bolt of magma misses you.
The wall freezes the eight-headed hydra!
The eight-headed hydra bites you but does no damage.
The eight-headed hydra completely misses you.
The eight-headed hydra bites you!
You die...
Your body glows slightly and disappears.

..#
....D+......#
..##
.§§§D+.....[#
...#
...§≈§#......#
...# ...§§
##....## ...#
≈§.. ###### #
..## ≈§..
≈.k≈≈≈§≈≈ ..##
≈≈...#≈§§.#≈≈§≈
...#
≈≈....##9..##≈
..##
#≈....#YD...#
...#
#≈....###.....≈
....
##..........##§
Y..#
##.........#
....
#.........8#
...#
#....####.##
.... ##..# #8
#.. ##


You could see an eight-headed hydra (slow), a lindwurm (slow) and a molten
gargoyle (slow).

Vanquished Creatures
  Gastronok (Lair:3)
  Kirke (Lair:5)
  2 dire elephants (Lair:1)
  5 hydras
  An anaconda (Lair:1)
  A boulder beetle (D:8)
  2 death yaks (Lair:1)
  A two-headed ogre (D:9)
  Urug (Lair:3)
  Sonja (D:10)
  A fire crab (Lair:1)
  A deep elf pyromancer (D:8)
  An oklob plant (Lair:2)
  A manticore (Lair:1)
  24 elephants
  A black mamba (Lair:1)
  11 cane toads
  2 gargoyles (D:8)
  Maggie (D:8)
  Psyche (D:10)
  4 rime drakes
  2 torpor snails
  A kobold demonologist (D:8)
  15 komodo dragons
  3 polar bears (Lair:1)
  A meliai (Lair:2)
  Grinder (D:3)
  A slime creature (D:7)
  26 blink frogs
  7 dream sheep (Lair:4)
  26 yaks
  8 wyverns
  6 basilisks
  4 hogs (Lair:5)
  6 steam dragons
  A swamp worm (Lair:2)
  15 water moccasins
  A hell hound (Lair:5)
  An ice beast (D:6)
  3 ogres
  2 orc warriors
  5 black bears
  9 wolves
  2 centaurs
  3 kobold brigands
  2 phantoms
  15 bullfrogs
  6 elf zombies (Ossuary)
  2 necrophages (D:5)
  4 scorpions (D:6)
  7 wights (D:8)
  9 killer bees
  3 vampire bats (D:8)
  9 electric eels
  3 howler monkeys (D:9)
  2 centaur zombies (Ossuary)
  4 hounds
  4 human zombies (Ossuary)
  19 jellies
  9 orc priests
  A gnoll bouda (D:7)
  An iguana (D:4)
  13 orc wizards
  2 hell rats (Lair:5)
  3 mummies (Ossuary)
  12 gnolls
  7 adders
  11 river rats (Lair:5)
  A shadow imp (D:6)
  2 white imps (D:5)
  3 worms
  2 dart slugs
  36 orcs
  7 ball pythons
  20 endoplasms
  5 giant cockroaches
  24 goblins
  10 hobgoblins
  7 jackals (D:2)
  4 quokkas
  15 bats
  7 frilled lizards
  16 kobolds
  2 rats (D:1)
522 creatures vanquished.

Vanquished Creatures (collateral kills)
  An orc (D:4)
1 creature vanquished.

Vanquished Creatures (others)
  A rime drake (D:8)
  An ice devil (D:8)
  A human (Lair:5)
  39 fungi
  82 plants
124 creatures vanquished.

Grand Total: 647 creatures vanquished

Notes
Turn   | Place    | Note
-------+----------+-------------------------------------------
     0 | D:1      | oldmanjim the Ogre Transmuter began the quest for the Orb.
     0 | D:1      | Reached XP level 1. HP: 19/19 MP: 3/3
   234 | D:1      | Reached XP level 2. HP: 24/27 MP: 3/5
   643 | D:1      | Found a faded altar of an unknown god.
   808 | D:2      | Reached XP level 3. HP: 32/33 MP: 5/7
  1006 | D:2      | Learned a level 3 spell: Spider Form
  1328 | D:2      | Reached XP level 4. HP: 38/41 MP: 6/9
  1790 | D:2      | Reached skill level 2 in Fighting
  2358 | D:3      | Noticed Grinder
  2369 | D:3      | Killed Grinder
  2370 | D:3      | Reached XP level 5. HP: 23/49 MP: 4/12
  2370 | D:3      | Reached XP level 6. HP: 27/57 MP: 4/13
  2773 | D:3      | Learned a level 4 spell: Ice Form
  2916 | D:3      | Reached skill level 5 in Spellcasting
  3588 | D:4      | Reached skill level 3 in Fighting
  3588 | D:4      | Reached skill level 1 in Ice Magic
  3588 | D:4      | Reached XP level 7. HP: 52/67 MP: 12/14
  3777 | D:4      | Found a staircase to the Ecumenical Temple.
  3806 | D:4      | Found a sacrificial altar of Ru.
  3927 | D:4      | Found a sand-covered staircase.
  4057 | Ossuary  | Entered an ossuary
  4165 | Ossuary  | Reached XP level 8. HP: 34/75 MP: 11/17
  4302 | Ossuary  | Reached skill level 5 in Transmutations
  4534 | Ossuary  | Reached skill level 4 in Fighting
  4727 | Temple   | Entered the Ecumenical Temple
  4826 | Temple   | Became a worshipper of Nemelex Xobeh the Trickster
  5372 | D:4      | Reached skill level 5 in Ice Magic
  5376 | D:4      | Learned a level 3 spell: Ozocubu's Armour
  5475 | D:4      | Identified a scroll of acquirement
  5475 | D:4      | Acquired the amulet of Bicoyj {Acrobat Dex+5}
  5587 | D:5      | Entered Level 5 of the Dungeon
  5759 | D:5      | Found Oluokk's Firing Range.
  5765 | D:5      | Bought 2 large rocks for 18 gold pieces
  5990 | D:5      | Found a snail-covered altar of Cheibriados.
  6049 | D:5      | Reached skill level 5 in Fighting
  6049 | D:5      | Reached skill level 1 in Invocations
  6049 | D:5      | Reached XP level 9. HP: 88/88 MP: 10/18
  6140 | D:5      | Reached * piety under Nemelex Xobeh
  6607 | D:6      | Received a gift from Nemelex Xobeh
  6607 | D:6      | Identified the +5 longbow "Wusev" {freeze, +Blink MP+9
                  | Dex+3 Stlth-}
  6848 | D:6      | Reached skill level 5 in Unarmed Combat
  6852 | D:6      | Learned a level 3 spell: Frozen Ramparts
  6871 | D:6      | Found a glowing silver altar of Zin.
  6888 | D:6      | Found a shimmering blue altar of Sif Muna.
  7579 | D:6      | Reached skill level 5 in Invocations
  7792 | D:7      | Found a hazy altar of Hepliaklqana.
  8092 | D:7      | Noticed a toenail golem
  8097 | D:7      | Reached ** piety under Nemelex Xobeh
  8126 | D:7      | Found a transporter.
  8127 | D:7      | Noticed bronco's ghost (novice HOMo)
  8127 | D:7      | Noticed an orange demon
  8143 | D:7      | Found a transporter.
  8278 | D:7      | Found a white marble altar of Elyvilon.
  8438 | D:7      | Reached skill level 6 in Fighting
  8590 | D:7      | Reached XP level 10. HP: 55/98 MP: 19/19
  9714 | D:7      | Found a one-way gate to the infinite horrors of the Abyss.
 10045 | D:8      | Received a gift from Nemelex Xobeh
 10332 | D:8      | Noticed Maggie
 10335 | D:8      | Killed Maggie
 10339 | D:8      | Noticed a kobold demonologist
 10348 | D:8      | Killed a kobold demonologist
 10573 | D:8      | Reached skill level 7 in Fighting
 10869 | D:8      | Acquired 833 gold pieces
 10999 | D:8      | Noticed a gargoyle
 11007 | D:8      | Killed a gargoyle
 11053 | D:8      | Noticed a deep elf pyromancer
 11065 | D:8      | Killed a deep elf pyromancer
 11236 | D:8      | Noticed a gargoyle
 11519 | D:8      | Killed a gargoyle
 11746 | D:8      | Received a gift from Nemelex Xobeh
 11838 | D:8      | Reached *** piety under Nemelex Xobeh
 12017 | D:8      | Noticed a boulder beetle
 12036 | D:8      | Reached XP level 11. HP: 78/109 MP: 15/20
 12044 | D:8      | Killed a boulder beetle
 12835 | D:9      | Reached skill level 8 in Fighting
 13251 | D:9      | Found But Ecam's Demolitions Depot.
 13331 | D:9      | Received a gift from Nemelex Xobeh
 13339 | D:9      | Noticed a two-headed ogre
 13354 | D:9      | Killed a two-headed ogre
 13511 | D:9      | Found a blossoming altar of Fedhas.
 13732 | D:9      | Bought a manual of Conjurations for 1040 gold pieces
 13740 | D:9      | Learned a level 3 spell: Stone Arrow
 13771 | D:10     | Entered Level 10 of the Dungeon
 13771 | D:10     | Found an opulent altar of Gozag.
 13789 | D:10     | Reached skill level 1 in Conjurations
 13966 | D:10     | Found a staircase to the Lair.
 13971 | D:10     | Found an ornate altar of the Wu Jian Council.
 13998 | D:10     | Noticed Psyche
 14000 | D:10     | Noticed Sonja
 14009 | D:10     | Killed Psyche
 14011 | D:10     | Killed Sonja
 14012 | D:10     | Reached skill level 9 in Fighting
 14402 | D:10     | Received a gift from Nemelex Xobeh
 14492 | Lair:1   | Entered Level 1 of the Lair of Beasts
 14770 | Lair:1   | Reached skill level 1 in Earth Magic
 15464 | Lair:1   | Noticed an anaconda
 15475 | Lair:1   | Killed an anaconda
 15482 | Lair:1   | Learned a level 5 spell: Lightning Bolt
 15552 | Lair:1   | Noticed a manticore
 15569 | Lair:1   | Killed a manticore
 15570 | Lair:1   | Reached skill level 5 in Conjurations
 15570 | Lair:1   | Reached XP level 12. HP: 77/123 MP: 9/22
 15642 | Lair:1   | Reached skill level 1 in Air Magic
 15885 | Lair:1   | Noticed a dire elephant
 15917 | Lair:1   | Killed a dire elephant
 16098 | Lair:1   | Noticed a death yak
 16101 | Lair:1   | Noticed a death yak
 16109 | Lair:1   | Killed a death yak
 16114 | Lair:1   | Killed a death yak
 16368 | Lair:1   | Noticed a dire elephant
 17237 | Lair:1   | Killed a dire elephant
 17524 | Lair:2   | Reached **** piety under Nemelex Xobeh
 17653 | Lair:2   | Received a gift from Nemelex Xobeh
 19403 | Lair:2   | Noticed a five-headed hydra
 19405 | Lair:2   | Noticed a six-headed hydra
 19426 | Lair:2   | Killed a six-headed hydra
 19557 | Lair:2   | Reached XP level 13. HP: 131/131 MP: 20/25
 19940 | Lair:2   | Found a staircase to the Swamp.
 20152 | Lair:2   | Upgraded the game from 0.30-a0-341-g682706514a to
                  | 0.30-a0-347-gf58ed5266c
 20174 | Lair:3   | Found a hole to the Spider Nest.
 20629 | Lair:3   | Noticed Gastronok
 20663 | Lair:3   | Killed Gastronok
 20873 | Lair:3   | Reached skill level 10 in Unarmed Combat
 20966 | Lair:3   | Received a gift from Nemelex Xobeh
 20990 | Lair:3   | Reached skill level 10 in Fighting
 20990 | Lair:3   | Reached skill level 10 in Conjurations
 21118 | Lair:3   | Noticed Urug
 21140 | Lair:3   | Killed Urug
 22284 | Lair:3   | Upgraded the game from 0.30-a0-347-gf58ed5266c to
                  | 0.30-a0-358-g0d69a1922f
 22462 | Lair:4   | Reached skill level 10 in Invocations
 22945 | Lair:4   | Reached skill level 5 in Air Magic
 23050 | Lair:4   | Received a gift from Nemelex Xobeh
 23814 | Lair:4   | Found a staircase to the Slime Pits.
 23815 | Lair:4   | Found a viscous altar of Jiyva.
 23924 | Lair:4   | Reached XP level 14. HP: 132/144 MP: 10/27
 23954 | Lair:4   | Reached skill level 5 in Dodging
 24182 | Lair:4   | Reached skill level 11 in Fighting
 24620 | Lair:5   | Entered Level 5 of the Lair of Beasts
 25538 | Lair:5   | Received a gift from Nemelex Xobeh
 25949 | Lair:5   | Noticed Kirke
 25973 | Lair:5   | Killed Kirke
 26764 | Lair:5   | Reached skill level 12 in Fighting
 26781 | Lair:5   | Found a large runed translucent door.
 26781 | Lair:5   | Found a large runed translucent door.
 27120 | Lair:5   | Reached skill level 10 in Spellcasting
 27122 | Lair:5   | HP: 1/178 [eight-headed hydra (8)]
 27124 | Lair:5   | Mangled by an eight-headed hydra

Illustrated notes

Levels and vault maps discovered:
D:1:      eino_arrival_water_star, layout_basic,
          shapermc_ecumenical_altar_petra, minmay_hedge_maze
D:2:      cheibrodos_greedy_goblins, layout_loops_ring, hangedman_glass_teeth,
          minmay_indecisive_spiral
D:3:      minmay_evil_eye, layout_basic, serial_bayou_ford_a,
          minmay_misc_feat_doors, uniq_grinder
D:4:      layout_basic, mainiacjoe_overflow_cross_hatched,
          minmay_temple_entry_enclosed_plants, enter_ossuary_2
D:5:      layout_loops_ring, mainiacjoe_overflow_chevrons,
          nicolae_shop_firing_range
D:6:      layout_loops_ring, mainiacjoe_overflow_large_starburst,
          minmay_ogre_servants
D:7:      cheibrodos_two_vegetables, layout_basic, nicolae_elyvilon_temple_path,
          mainiacjoe_overflow_catwalk, gammafunk_ghost_abyssal_escape,
          water_maze_lemuel
D:8:      layout_basic, kennysheep_minor_cross, grunt_decor_fettered,
          roderic_batcave, dilly_guarded_unrand_elemental_staff, uniq_maggie
D:9:      layout_loops_cross, marbit_many_paths, nicolae_blasting_shop
D:10:     layout_basic, lemuel_crystal_altar, lemuel_crystal_altar,
          lightli_temple_of_fire, dpeg_oklobed_lair, serial_rivers,
          chequers_serial_rivers_small_b, chequers_serial_rivers_micro_b,
          chequers_serial_rivers_micro_c, chequers_serial_rivers_micro_d,
          nrook_mini_vaults, kennysheep_potato, uniq_sonja, uniq_psyche
Temple:   nicolae_temple_hex_pool
Lair:1:   layout_roguey, nicolae_lair_lakeside_cave
Lair:2:   lemuel_slime, layout_gridlike, palyth_hydra_swamp_entry,
          beast_lair_carwin_11
Lair:3:   layout_loops_ring, hellmonk_spider_entry_not_the_bees,
          wad_woods_river_01, serial_bayou_shore_a, infiniplex_staircase_pool_2,
          uniq_gastronok, uniq_urug
Lair:4:   layout_concentric_octagons, minmay_slime_entry_jelly_boxes,
          grunt_megastairs_1, lemuel_fruit_fields
Lair:5:   cheibrodos_lair_end_hotspot, layout_cave_shapes, kennysheep_rathole,
          serial_bayou_shore_b, uniq_kirke

Skill      XL: |  1  2  3  4  5  6  7  8  9 10 11 12 13 14 |
---------------+-------------------------------------------+-----
Transmutations | 2 3 4 5 6 7 8 |  8.6
Spellcasting   | 3 4 5 6 7 8 9 10 | 10.0
Fighting       | 2 3 5 6 7 9 10 12 | 12.1
Unarmed Combat | 3 4 5 6 7 9 10 11 | 11.5
Poison Magic   | 2 |  2.0
Ice Magic      | 1 2 5 6 |  6.5
Invocations    | 1 5 8 9 10 | 10.8
Dodging        | 3 4 5 |  5.0
Conjurations   | 5 9 10 | 10.0
Earth Magic    | 2 |  2.0
Air Magic      | 4 5 |  5.0

Action                   |  1- 3 |  4- 6 |  7- 9 | 10-12 | 13-15 || total
-------------------------+-------+-------+-------+-------+-------++-------
Melee: Unarmed           |    99 |   141 |   330 |   354 |   475 ||  1399
       Kick              |    21 |    15 |     1 |       |       ||    37
       Headbutt          |     9 |    10 |     2 |       |       ||    21
       Punch             |     1 |     1 |       |       |       ||     2
       Staff             |       |       |     1 |     2 |       ||     3
 Fire: Longbow           |       |       |     9 |    97 |    33 ||   139
Throw: Stone             |     1 |    12 |       |       |       ||    13
       Dart              |       |       |       |     2 |       ||     2
 Cast: Beastly Appendage |    27 |    15 |     3 |       |       ||    45
       Spider Form       |       |    12 |    10 |     1 |       ||    23
       Ice Form          |       |       |    30 |    61 |    54 ||   145
       Frozen Ramparts   |       |       |     9 |    49 |    53 ||   111
       Ozocubu's Armour  |       |       |     6 |    15 |    10 ||    31
       Stone Arrow       |       |       |       |     2 |    12 ||    14
       Lightning Bolt    |       |       |       |       |     8 ||     8
Invok: Draw Destruction  |       |       |       |    15 |       ||    15
       Draw Escape       |       |       |       |     2 |     1 ||     3
       Triple Draw       |       |       |       |     1 |       ||     1
       Deal Four         |       |       |       |       |     3 ||     3
Evoke: Wand              |       |       |     2 |     2 |     1 ||     5
  Use: Scroll            |       |       |    12 |     9 |     6 ||    27
       Potion            |       |       |       |     3 |     3 ||     6
 Stab: Distracted        |       |       |       |       |     1 ||     1
Armor: Robe              |    38 |    23 |    14 |     2 |       ||    77
       Skin              |       |     7 |    72 |   147 |   194 ||   420
       Steam dragon scal |       |       |       |     3 |     1 ||     4
       Ice dragon scales |       |       |       |       |     2 ||     2
Dodge: Dodged            |    62 |    79 |   140 |   263 |   301 ||   845

Table legend: (Time is in decaauts)
 A = Elapsed time spent in this place.
 B = Non-inter-level travel time spent in this place.
 C = Inter-level travel time spent in this place.
 D = Time resting spent in this place.
 E = Time spent auto-exploring this place.
 F = Levels seen in this place.
 G = Mean time per level.
                   A        B        C        D        E       F      G
               +--------+--------+--------+--------+--------+-----+--------+
         Total |  27134 |  26275 |    859 |   4654 |  16703 |  17 | 1596.1 |
       Dungeon |  13751 |  13295 |    456 |   1787 |   8956 |  10 | 1375.1 |
        Temple |    127 |     74 |     53 |      0 |     62 |   1 |  127.0 |
          Lair |  12647 |  12297 |    350 |   2603 |   7530 |   5 | 2529.4 |
       Ossuary |    607 |    607 |      0 |    264 |    155 |   1 |  607.0 |
               +--------+--------+--------+--------+--------+-----+--------+

Top non-repeatable levels by time:
  Lair:4: 3122 daAuts
  Lair:1: 3015 daAuts
  Lair:2: 2770 daAuts
     D:8: 2748 daAuts
  Lair:3: 2296 daAuts
     D:7: 2268 daAuts
     D:3: 1557 daAuts
  Lair:5: 1443 daAuts
     D:4: 1255 daAuts
     D:2: 1229 daAuts
     D:6: 1213 daAuts
     D:9: 1034 daAuts
     D:5: 927 daAuts
     D:1: 795 daAuts
    D:10: 721 daAuts
